 Dungeon Crawl Stone Soup version 0.31.0-11-ge490571c62 (webtiles) character file.

Game seed: 356092801890734697

239 hawla the Cleaver (level 6, -1/76 HPs)
             Began as a Hill Orc Monk on Jan 28, 2024.
             Was a Believer of Beogh.
             Slain by a gnoll
             ... wielding a +0 halberd
             ... led by a gnoll bouda
              (9 damage)
             ... on level 3 of the Dungeon.
             The game lasted 00:06:39 (2445 turns).

hawla the Cleaver (Hill Orc Monk)                   Turns: 2445, Time: 00:06:39

Health: -1/76      AC: 23    Str: 14    XL:     6   Next: 7%
Magic:  6/6        EV:  2    Int: 10    God:    Beogh [**....]
Gold:   112        SH:  0    Dex: 15    Spells: 5/5 levels left

rFire   . . .        b - +1 war axe (freeze)
rCold   . . .        d - orb {light}
rNeg    . . .        g - melded +0 ring mail
rPois   +            (helmet currently unavailable)
rElec   .            (cloak currently unavailable)
rCorr   .            (gloves currently unavailable)
SInv    .            (boots currently unavailable)
Will    +....        (no amulet)
Stlth   +            j - ring of willpower
HPRegen 0.32/turn    (no ring)
MPRegen 0.10/turn

%: no passive effects
@: tree-form, glowing
A: stationary, stasis, torment immunity, boosted hp
a: Renounce Religion, Smiting


You were on level 3 of the Dungeon.
You worshipped Beogh.
Beogh was pleased with you.
You were a tree.
You visited 1 branch of the dungeon, and saw 3 of its levels.

You collected 112 gold pieces.

Inventory:

Hand Weapons
 b - a +1 war axe of freezing (weapon)
Armour
 d - an orb of light (worn)
 g - a +0 ring mail (melded)
Jewellery
 j - a ring of willpower (left branch)
Scrolls
 i - a scroll of amnesia {unknown}
 k - a scroll of identify
Potions
 e - a potion of lignification


   Skills:
 - Level 3.6 Fighting
 + Level 8.7 Axes
 - Level 2.4 Dodging


You had 5 spell levels left.
You didn't know any spells.
Your spell library contained the following spells:

 Spells                   Type           Power      Damage    Failure   Level
 Magic Dart               Conj           0%         1d3       36%         1
 Blink                    Tloc           0%         N/A       50%         2
 Call Imp                 Summ           0%         N/A       50%         2
 Tukima's Dance           Hex            0%         N/A       75%         3
 Passage of Golubria      Tloc           0%         N/A       98%         4
 Yara's Violent Unravell  Hex/Alch       0%         3d3       100%        5


Dungeon Overview and Level Annotations

Branches:
Dungeon (3/15)

Altars:


Message History

You attack the rock wall.
The gnoll hits you but does no damage. The gnoll hits you with a +0 flail.
* * * LOW HITPOINT WARNING * * *
The gnoll hits you but does no damage.
You attack the rock wall.
The gnoll hits you but does no damage.
The gnoll bouda prays to its god.
The gnoll bouda is healed somewhat.
The gnoll hits you but does no damage.
You slash the gnoll! You freeze the gnoll.
You kill the gnoll!
Beogh accepts your kill.
You feel less invigorated.
You feel less confused.
You hit the gnoll bouda. You freeze the gnoll bouda.
The gnoll bouda is severely wounded.
The gnoll bouda hits you but does no damage.
The gnoll hits you from afar with a +0 halberd.
* * * LOW HITPOINT WARNING * * *
You barely miss the gnoll bouda.
The gnoll bouda is severely wounded.
The gnoll bouda hits you with a +0 club.
* * * LOW HITPOINT WARNING * * *
The gnoll hits you but does no damage.
You slash the gnoll bouda! You freeze the gnoll bouda.
You kill the gnoll bouda!
Beogh accepts your kill.
Beogh appreciates your killing of a heretic priest.
The gnoll hits you from afar with a +0 halberd.
* * * LOW HITPOINT WARNING * * *
You have reached level 6!
You aren't carrying any items that you can evoke.
Unknown command.
Unknown command.
The gnoll hits you from afar with a +0 halberd.
* * * LOW HITPOINT WARNING * * *
The gnoll barely misses you.
The gnoll is no longer moving quickly.
The gnoll hits you from afar with a +0 halberd.
* * * LOW HITPOINT WARNING * * *
The gnoll hits you from afar with a +0 halberd!
You die... ..................g..(P.. ...........##.###J.P.PP.. ...........##.# #.g.P.... #.......)..##.# #..PPP.PP

#........(.+..###J....PPP
#..........# #...........
##########.# #.##.....###
..# #.###g##.... ##
#..♣).# ### #######


You could see a gnoll.

Vanquished Creatures
  2 orc priests (D:3)
  A gnoll bouda (D:3)
  2 gnolls (D:3)
  6 adders (D:2)
  A dart slug (D:3)
  3 ribbon worms
  6 orcs (D:3)
  12 endoplasms
  2 giant cockroaches
  5 goblins
  2 hobgoblins
  4 jackals (D:1)
  6 kobolds
  4 ball pythons
  5 bats
  3 frilled lizards
  4 rats
68 creatures vanquished.

Notes
Turn   | Place    | Note
-------+----------+-------------------------------------------
     0 | D:1      | hawla the Hill Orc Monk began the quest for the Orb.
     0 | D:1      | Reached XP level 1. HP: 19/19 MP: 1/1
   168 | D:1      | Reached XP level 2. HP: 14/26 MP: 2/2
   460 | D:1      | Reached skill level 5 in Axes
   878 | D:1      | Reached XP level 3. HP: 31/31 MP: 3/3
  1184 | D:2      | Reached skill level 6 in Axes
  1273 | D:2      | Reached XP level 4. HP: 34/39 MP: 4/4
  1518 | D:2      | Reached skill level 7 in Axes
  1939 | D:3      | Became a worshipper of Beogh the Brigand
  1939 | D:3      | Reached * piety under Beogh
  1939 | D:3      | Reached ** piety under Beogh
  2042 | D:3      | Reached XP level 5. HP: 37/45 MP: 5/5
  2270 | D:3      | Reached skill level 8 in Axes
  2415 | D:3      | HP: 1/45 [gnoll/+0 whip[a gnoll bouda] (3)]
  2432 | D:3      | HP: 2/67 [gnoll/+0 whip[a gnoll bouda] (3)]
  2442 | D:3      | Reached XP level 6. HP: 13/51 MP: 6/6
  2445 | D:3      | Slain by a gnoll

Illustrated notes

Levels and vault maps discovered:
D:1:      erik_arrival_orb_chamber, layout_loops_corners
D:2:      layout_loops_ring
D:3:      layout_basic, nicolae_grassy_gnolls

Skill      XL: |  1  2  3  4  5 |
---------------+----------------+-----
Axes           | 5 6 7 8 |  8.7
Fighting       | |  3.6
Dodging        | |  2.4

Action                     |  1- 3 |  4- 6 || total
---------------------------+-------+-------++-------
  Melee: Hand axe          |    70 |    90 ||   160
         War axe           |       |    13 ||    13
 Invoke: Convert to Beogh  |       |     1 ||     1
         Smiting           |       |     1 ||     1
    Use: Scroll            |     2 |     2 ||     4
         Potion            |       |     6 ||     6
 Armour: Robe              |    15 |       ||    15
         Ring mail         |    18 |    64 ||    82
         Skin              |       |    30 ||    30
  Dodge: Dodged            |    49 |    57 ||   106
